Map: 2000 Atmospheres LE

Players

Reynor - Winner!

  • Race: Zerg Zerg

Denver

  • Race: Zerg Zerg

Event: DreamHack SC2 Masters 2021 Winter

VOD

Have the link to the VOD?

Description

Time

  • Played on: Oct. 7, 2021, 9:17 a.m.
  • Length: 10:59

All games in this series

Show
View Real Time Build Order
Export as new Build Order

Reynor Zerg - Winner!

Build Orders: Hatch First 

Get SALT Encoding   

  12  0:00  Drone  
  13  0:12  Overlord  
  13  0:16  Drone  
  14  0:30  Drone x2  
  16  0:48  Hatchery  
  15  0:51  Drone  
  15  0:54  Drone  
  15  0:57  Drone  
  18  1:08  Extractor  
  17  1:12  Spawning Pool  
  17  1:15  Drone  
  17  1:18  Drone  
  18  1:27  Drone  
  19  1:38  Drone  
  20  1:59  Zergling x2  
  20  2:00  Zergling x4, Queen x2  
  27  2:03  Spine Crawler  
  26  2:09  Baneling Nest  
  26  2:12  Zergling x2  
  26  2:16  Zergling x2  
  27  2:26  Overlord  
  18  2:40  Drone  
  18  2:41  Zergling x2  
  19  2:45  Zergling x2  
  19  2:48  Drone  
  18  2:53  Zergling x2  
  18  2:55  Drone  
  20  3:04  Baneling x2  
  20  3:05  Baneling  
  20  3:06  Baneling  
  20  3:08  Drone  
  21  3:13  Drone  
  21  3:19  Drone  
  22  3:24  Drone  
  22  3:25  Drone  
  24  3:30  Drone  
  19  3:38  Drone  
  20  3:45  Drone  
  20  3:48  Zergling x2  
  22  3:50  Zergling x2  
  23  3:56  Drone  
  24  4:15  Hatchery  
  23  4:21  Overlord  
  23  4:24  Drone  
  24  4:32  Queen  
  26  4:39  Drone  
  26  4:40  Drone  
  26  4:45  Drone  
  29  4:52  Metabolic Boost  
  29  4:55  Drone x2  
  29  4:59  Drone  
  32  5:05  Baneling x2  
  32  5:06  Zergling x2  
  33  5:10  Baneling  
  33  5:11  Drone  
  34  5:19  Overlord  
  34  5:23  Drone x2  
  34  5:28  Drone x2  
  38  5:34  Overlord  
  36  5:39  Drone  
  36  5:40  Evolution Chamber  
  35  5:43  Drone, Baneling  
  35  5:48  Queen  
  38  5:50  Drone  
  38  5:54  Drone  
  40  5:57  Drone x2  
  40  5:59  Drone  
  40  6:02  Drone  
  44  6:06  Queen  
  45  6:15  Zerg Ground Armor Level 1  
  45  6:29  Hatchery  
  46  6:35  Drone x4  
  50  6:42  Drone x2  
  50  6:43  Extractor  
  50  6:44  Extractor  
  50  6:45  Drone x3  
  51  6:48  Roach Warren  
  51  6:52  Overlord  
  50  7:02  Zergling x12  
  50  7:04  Overlord  
  56  7:10  Overlord  
  56  7:11  Lair  
  56  7:12  Zergling x4  
  56  7:13  Zergling x2  
  59  7:20  Overlord  
  59  7:24  Drone  
  59  7:28  Drone x4  
  64  7:40  Roach x5  
  73  7:44  Drone  
  73  7:49  Roach  
  76  7:57  Roach x5  
  83  8:01  Drone  
  83  8:02  Drone  
  83  8:03  Overlord  
  83  8:10  Roach x3  
  83  8:11  Zerg Missile Weapons Level 1  
  89  8:13  Overlord  
  89  8:14  Drone  
  90  8:21  Overlord  
  90  8:24  Roach x3  
  90  8:26  Drone  
  96  8:27  Drone x2  
  94  8:34  Glial Reconstitution  
  94  8:35  Roach  
  94  8:38  Roach x3  
  94  8:41  Drone x2  
  104  8:47  Extractor x2, Overlord  
  104  8:48  Overseer  
  102  8:50  Roach x2  
  102  8:52  Roach  
  102  8:55  Roach  
  108  8:56  Roach  
  108  9:02  Roach x2  
  114  9:06  Roach  
  108  9:15  Roach x3  
  110  9:19  Roach x2  
  110  9:22  Roach  
  110  9:23  Roach x2  
  116  9:25  Overlord  
  116  9:26  Overlord  
  116  9:28  Overlord  
  116  9:31  Overseer, Roach x3  
  122  9:35  Overlord  
  122  9:44  Roach  
  122  9:45  Roach x5  
  134  9:47  Roach  
  134  9:50  Roach  
  138  9:53  Roach x2  
  138  9:55  Roach  
  138  9:57  Roach  
  146  10:02  Roach x2  
  146  10:03  Roach  
  152  10:08  Roach  
  152  10:10  Overlord  
  152  10:14  Overlord  
  154  10:18  Overlord  
  146  10:35  Roach x9  
Show
View Real Time Build Order
Export as new Build Order

Denver Zerg 

Build Orders: 1 Base Baneling Bust, Pool First, Zergling Baneling 

Get SALT Encoding   

  12  0:00  Drone  
  13  0:09  Extractor  
  12  0:23  Spawning Pool  
  12  0:28  Drone  
  12  0:32  Drone  
  13  0:40  Drone  
  14  0:51  Overlord  
  14  1:10  Metabolic Boost  
  14  1:11  Zergling x4  
  16  1:16  Zergling x2  
  17  1:24  Zergling x2  
  18  1:30  Baneling Nest  
  17  1:35  Zergling x2  
  18  1:44  Zergling x2  
  19  1:54  Zergling x2  
  20  2:06  Zergling x2  
  21  2:13  Baneling x2  
  21  2:19  Hatchery  
  20  2:25  Zergling x2  
  21  2:32  Baneling  
  21  2:36  Zergling x2  
  21  2:42  Zergling x2  
  20  2:44  Baneling  
  20  2:53  Drone  
  21  3:01  Queen, Extractor  
  23  3:06  Overlord  
  23  3:11  Baneling  
  23  3:12  Baneling  
  22  3:33  Drone x2  
  22  3:34  Drone  
  21  3:44  Drone x2  
  21  3:48  Queen  
  25  3:54  Zergling x2  
  24  3:56  Drone  
  24  3:59  Drone  
  26  4:04  Drone  
  26  4:07  Drone  
  28  4:12  Drone  
  28  4:15  Drone  
  30  4:19  Drone x2  
  31  4:26  Overlord  
  31  4:29  Drone  
  32  4:32  Baneling x2  
  32  4:33  Zergling x2  
  33  4:41  Zergling x2  
  33  4:42  Spine Crawler  
  33  4:44  Drone  
  34  4:48  Drone x2  
  34  4:49  Drone  
  34  4:52  Drone  
  38  4:57  Drone  
  38  4:58  Drone x2  
  41  5:06  Evolution Chamber, Overlord  
  41  5:08  Drone  
  41  5:11  Lair  
  42  5:17  Overlord  
  42  5:20  Drone x2  
  44  5:24  Extractor  
  44  5:25  Extractor  
  44  5:27  Roach Warren  
  41  5:30  Baneling  
  41  5:31  Baneling  
  35  5:38  Drone x4  
  34  5:46  Drone x2  
  34  5:48  Drone  
  34  5:49  Drone x2  
  39  5:52  Drone  
  39  5:55  Zerg Missile Weapons Level 1  
  40  5:59  Drone  
  41  6:04  Drone  
  41  6:13  Overseer  
  41  6:14  Glial Reconstitution  
  41  6:15  Drone  
  41  6:16  Drone x2  
  44  6:22  Evolution Chamber, Overlord  
  44  6:25  Roach  
  45  6:28  Roach  
  45  6:30  Drone  
  48  6:37  Overlord  
  48  6:39  Roach x2  
  52  6:53  Overlord  
  52  7:00  Drone  
  52  7:01  Drone x3  
  56  7:02  Hatchery  
  56  7:03  Extractor  
  54  7:09  Overlord  
  54  7:12  Pneumatized Carapace  
  54  7:14  Overseer  
  54  7:15  Roach x2  
  58  7:23  Drone x2  
  58  7:24  Drone  
  58  7:25  Overlord  
  58  7:29  Zergling x4  
  63  7:33  Roach  
  65  7:41  Zerg Ground Armor Level 1  
  65  7:44  Roach  
  65  7:45  Roach x2  
  65  7:46  Roach  
  73  7:54  Baneling x4  
  73  7:57  Overlord  
  72  8:00  Roach x3  
  78  8:07  Roach x2  
  78  8:11  Overlord  
  82  8:13  Overlord  
  82  8:24  Roach  
  82  8:25  Roach x4  
  86  8:32  Roach x2  
  85  8:37  Drone x2  
  85  8:43  Drone x4  
  85  8:45  Drone  
  90  8:54  Drone  
  91  8:57  Drone x2  
  93  9:06  Roach x3  
  91  9:13  Roach x3  
  89  9:21  Drone  
  89  9:22  Drone x5  
  89  9:23  Drone  
  94  9:27  Queen  
  94  9:29  Overlord  
  96  9:34  Roach x2  
  100  9:41  Ravager x2  
  100  9:42  Ravager x2  
  100  9:44  Overseer  
  104  9:47  Overlord  
  104  9:48  Overlord  
  104  9:49  Roach x3  
  104  9:51  Roach  
  112  9:56  Overlord x2  
  112  10:03  Overlord  
  112  10:04  Spine Crawler  
  111  10:07  Roach x3  
  111  10:09  Ravager  
  111  10:11  Roach x2  
  122  10:14  Roach  
  122  10:15  Roach  
  122  10:17  Roach  
  128  10:26  Roach x4  
  114  10:37  Roach x6  

Tags
 
Add a new tag
Caveats
  • Supply blocks, unpowered buildings, or Contaminate may cause inaccurate times.
  • Supply counts are checked every 10 seconds.